 Dungeon Crawl Stone Soup version 0.25.0-15-gac7dcb8919 (webtiles) character file.

Game seed: 1089247181160082869

64320 nojaa the Grappler (level 14, -15/142 (143) HPs)
             Began as a Troll Berserker on June 27, 2020.
             Was a High Priest of Trog.
             Demolished by a death yak (20 damage)
             ... on level 5 of the Lair of Beasts on June 28, 2020.
             The game lasted 02:53:49 (21117 turns).

nojaa the Grappler (Troll Berserker)               Turns: 21117, Time: 02:53:50

HP:   -15/142 (143) AC:  8    Str: 31    XL:     14   Next: 71%
MP:   20/20         EV: 14    Int:  4    God:    Trog [*****.]
Gold: 57            SH:  0    Dex:  9    Spells: 13/13 levels left

rFire    + . .     SeeInvis .     - Unarmed
rCold    x . .     Gourm    +   (no shield)
rNeg     . . .     Faith    .   f - +0 robe {MR+}
rPois    .         Spirit   .   C - +0 hat {MR+}
rElec    .         Reflect  .   s - +0 cloak
rCorr    +         Harm     .   (gloves unavailable)
MR       +++..                  (boots unavailable)
Stlth    +.........             (no amulet)
HPRegen  0.73/turn              y - ring of resist corrosion
MPRegen  0.17/turn              x - ring of fire

@: berserk cooldown, slowed, very slow
A: large, unfitting armour, claws 3, fast metabolism 3, gourmand, regeneration
1, shaggy fur 1, tough skin 3
a: Berserk, Trog's Hand, Brothers in Arms, Renounce Religion


You were on level 5 of the Lair of Beasts.
You worshipped Trog.
Trog was extremely pleased with you.
You were hungry.

You visited 7 branches of the dungeon, and saw 23 of its levels.
You also visited: Gauntlet.

You collected 1821 gold pieces.
You spent 1764 gold pieces at shops.

Inventory:

Hand Weapons
 n - a +1 scimitar of flaming
 X - a +1 dire flail of protection
Missiles
 i - 2 curare-tipped darts
 p - 50 poisoned darts (quivered)
 E - 61 boomerangs
 U - 21 silver javelins
Armour
 a - a +0 animal skin
 f - a +0 robe of magic resistance (worn)
 r - +0 fire dragon scales
 s - a +0 cloak (worn)
 C - a +0 hat of magic resistance (worn)
 L - +0 storm dragon scales
Jewellery
 x - a ring of fire (right claw)
 y - a ring of resist corrosion (left claw)
Wands
 c - a wand of random effects (28)
 j - a wand of polymorph (12)
 u - a wand of enslavement (8)
 v - a wand of disintegration (19)
 w - a wand of flame (72)
 R - a wand of clouds (3)
 V - a wand of paralysis (1)
Miscellaneous
 h - a box of beasts
 z - a tin of tremorstones (inert)
 A - a phantom mirror
 B - a lightning rod (1/4)
 K - a phial of floods (inert)
Comestibles
 b - 41 rations


   Skills:
 - Level 10.0 Fighting
 - Level 10.1 Armour
 - Level 10.2 Dodging
 + Level 12.2 Unarmed Combat
 * Level 9.7 Evocations


You had 13 spell levels left.
You didn't know any spells.
Your spell library contained the following spells:

 Spells                   Type           Power        Failure   Level  Hunger
 Beastly Appendage        Tmut           #.....       50%         1    ##.....
 Call Imp                 Summ           #.......     65%         2    ###....
 Gell's Gravitas          Tloc           #.........   86%         3    ####...
 Recall                   Summ/Tloc      N/A          86%         3    ####...
 Ice Form                 Ice/Tmut       #.......     99%         4    #####..
 Iskenderun's Mystic Bla  Conj/Tloc      #.......     99%         4    #####..
 Irradiate                Conj/Tmut      #.........   100%        5    ######.
 Summon Demon             Summ           #.........   100%        5    ######.
 Freezing Cloud           Conj/Ice/Air   #.........   100%        6    #######


Dungeon Overview and Level Annotations

Branches:
Dungeon (11/15)            Temple (1/1) D:5            Lair (6/6) D:9
  Swamp (1/4) Lair:3       Spider (1/4) Lair:4          Orc (2/2) D:11
    Elf (1/3) Orc:2       Gauntlet (visited)
  Slime: Lair:5-6

Altars:
Ashenzari
Hepliaklqana
Kikubaaqudgha
Okawaru
Wu Jian
Xom
Beogh

Shops:
Orc:2 :%}(

Annotations:
D:3 2 transporters, exclusion: downstairs
Lair:2 exclusion: 2 oklob plants
Lair:3 exclusion: downstairs
Lair:4 exclusion: downstairs
Elf:1 exclusion: 5 doors, Louise


Innate Abilities, Weirdness & Mutations

You are too large for most types of armour.
You have claws for hands.
Your metabolism is lightning-fast.
You like to eat raw meat.
Your natural rate of healing is unusually fast.
You are covered in fur. (AC +1)
You have extremely tough skin. (AC +3)


Message History

Trog accepts your kill. The yak gores you!
* * * LOW HITPOINT WARNING * * *
The death yak gores you but does no damage.
The death yak gores you!!
* * * LOW HITPOINT WARNING * * *
The death yak gores you.
* * * LOW HITPOINT WARNING * * *
The death yak misses you. The yak gores you.
* * * LOW HITPOINT WARNING * * *
The death yak gores you!
* * * LOW HITPOINT WARNING * * *
Evoke which item? (* to show all) (? for menu, Esc to quit)
Aiming: Thunderbolt
Press: ? - help, Shift-Dir - straight line, f - death yak
Aim: a death yak (severely wounded, very poisoned)
The thunderbolt hits the death yak!
The death yak is almost dead.
The death yak gores you!!
You die...

............................#....
...........................#..#..
.............................#.P.
###.......................#..#.P.
####......................#.##...
#.#P.........P#.............#..#.
..##......P..###...........##..##
..#.....####'###Y†..§§○....# ..
>##.......#...##@Y§§§§§....# #..
..##....P#....#Y†Y§§§§§....##....
..##.....###...#....☼§§..........
####......#####......§☼....Y.....
##P#.....###...P......☼..........
.................................
.................................
.................................
.................................


You could see 3 death yaks and a yak (very poisoned).

Vanquished Creatures
  Gastronok (Orc:1)
  2 orc warlords (Orc:2)
  Nessos (Lair:4)
  A minotaur (Gauntlet)
  Snorg (Orc:2)
  The ghost of Beldrama the Fencer, a journeyman MiFi of Hepliaklqana (Lair:1)
  A fire dragon (D:9)
  2 hydras (Lair:5)
  7 death yaks
  5 two-headed ogres
  6 orc high priests
  Sonja (D:11)
  A soul eater (Gauntlet)
  5 orc knights (Orc:2)
  An orb spider (Spider:1)
  3 deep elf magi (Elf:1)
  4 orc sorcerers
  A manticore (D:11)
  5 elephants
  2 black mambas
  A centaur zombie (D:10)
  9 spiny frogs
  A minotaur zombie (Gauntlet)
  3 rime drakes
  4 komodo dragons
  A jumping spider (Spider:1)
  2 polar bears
  7 trolls
  A tyrant leech (Lair:3)
  3 hornets
  3 hippogriffs
  A slime creature (D:8)
  3 blink frogs (Lair:2)
  2 spriggans
  3 redbacks (Spider:1)
  A tarantella (Spider:1)
  A wraith (D:11)
  6 basilisks
  A wyvern (Lair:4)
  2 steam dragons
  22 yaks
  2 hungry ghosts
  A neqoxec (Gauntlet)
  2 chaos spawn (Gauntlet)
  A warg (Orc:2)
  A soldier ant (D:11)
  2 vampire mosquitoes (D:11)
  A hell hound (Orc:1)
  12 porcupines
  8 water moccasins
  2 sky beasts
  37 orc warriors
  2 ice beasts
  2 eyes of draining
  4 black bears
  4 phantoms
  2 necrophages (D:6)
  11 ogres
  17 wolves
  2 centaurs (D:10)
  6 crocodiles
  A big kobold (D:9)
  13 bullfrogs
  A gnoll sergeant (D:8)
  2 wyvern zombies (D:7)
  7 scorpions
  25 killer bees (Lair:2)
  8 wights
  2 crimson imps (D:7)
  2 bullfrog zombies
  29 orc priests
  7 hounds
  7 jellies (D:8)
  17 orc wizards
  A bullfrog skeleton (D:5)
  A centaur skeleton (D:6)
  3 iguanas
  11 worker ants
  3 hound skeletons
  A worker ant zombie (D:11)
  Robin (D:3)
  6 gnolls
  10 adders
  10 shadow imps
  14 oozes (D:8)
  3 adder skeletons
  An adder zombie (D:6)
  4 worms
  2 leopard geckos
  118 orcs
  6 bats
  4 giant cockroaches
  9 goblins
  12 hobgoblins
  15 jackals
  6 kobolds
  5 quokkas
  5 ball pythons
  5 frilled lizards
  2 quokka skeletons
  5 rats
631 creatures vanquished.

Vanquished Creatures (collateral kills)
  Azrael (Orc:2)
  A death ooze (Gauntlet)
  Josephine (D:11)
  A hydra (Lair:2)
  A cyclops (shapeshifter) (D:11)
  A spiny frog (Lair:2)
  A queen bee (Lair:2)
  2 fire elementals (Orc:2)
  2 wraiths (D:11)
  5 yaks
  2 vampire mosquitoes (D:11)
  A hell hound (Orc:2)
  4 wights (D:11)
  A worm (Lair:4)
  2 orcs (Orc:2)
26 creatures vanquished.

Vanquished Creatures (others)
  5 orcs (Orc:2)
  17 fungi
  8 plants
30 creatures vanquished.

Grand Total: 687 creatures vanquished

Notes
Turn   | Place    | Note
-------+----------+-------------------------------------------
     0 | D:1      | nojaa the Troll Berserker began the quest for the Orb.
     0 | D:1      | Reached XP level 1. HP: 22/22 MP: 0/0
   483 | D:1      | Reached XP level 2. HP: 29/29 MP: 1/1
   663 | D:1      | Reached ** piety under Trog
  1191 | D:2      | Reached XP level 3. HP: 37/37 MP: 2/2
  1598 | D:2      | Found an iron altar of Okawaru.
  1598 | D:2      | Found an ornate altar of the Wu Jian Council.
  1603 | D:2      | Found a shimmering altar of Xom.
  1605 | D:2      | Found a shattered altar of Ashenzari.
  1607 | D:2      | Found an ancient bone altar of Kikubaaqudgha.
  1711 | D:3      | Reached XP level 4. HP: 46/46 MP: 3/3
  1967 | D:3      | Found a transporter.
  1973 | D:3      | Noticed a kobold demonologist
  1984 | D:3      | Found a transporter.
  1994 | D:3      | Noticed Robin
  2018 | D:3      | Killed Robin
  2054 | D:3      | Reached skill level 4 in Unarmed Combat
  2054 | D:3      | Reached XP level 5. HP: 54/54 MP: 4/4
  2129 | D:3      | Noticed a sky beast
  2155 | D:3      | Killed a sky beast
  2288 | D:3      | Reached XP level 6. HP: 63/65 MP: 5/5
  2737 | D:4      | Reached skill level 5 in Fighting
  2918 | D:4      | Noticed a water moccasin
  2929 | D:4      | Killed a water moccasin
  2929 | D:4      | Reached skill level 5 in Unarmed Combat
  2939 | D:4      | Reached XP level 7. HP: 72/72 MP: 6/6
  3193 | D:5      | Entered Level 5 of the Dungeon
  3598 | D:5      | Found a staircase to the Ecumenical Temple.
  3604 | Temple   | Entered the Ecumenical Temple
  3880 | D:6      | Reached skill level 6 in Unarmed Combat
  3908 | D:6      | Reached *** piety under Trog
  3908 | D:6      | Reached XP level 8. HP: 83/83 MP: 7/7
  4402 | D:7      | Reached skill level 7 in Unarmed Combat
  4491 | D:7      | Reached XP level 9. HP: 46/95 MP: 8/8
  4695 | D:7      | Reached **** piety under Trog
  4769 | D:7      | Got a twisted hunting sling
  4922 | D:7      | Reached skill level 5 in Dodging
  4922 | D:7      | Reached skill level 8 in Unarmed Combat
  5166 | D:8      | Found a hazy altar of Hepliaklqana.
  5962 | D:9      | Reached XP level 10. HP: 86/103 MP: 9/9
  6010 | D:9      | Reached skill level 9 in Unarmed Combat
  6031 | D:9      | Found a staircase to the Lair.
  6134 | D:9      | Noticed a two-headed ogre
  6143 | D:9      | Killed a two-headed ogre
  6277 | D:9      | Reached skill level 1 in Armour
  6326 | D:9      | Noticed a fire dragon
  6375 | Lair:1   | Entered Level 1 of the Lair of Beasts
  6532 | Lair:1   | Reached ***** piety under Trog
  6646 | Lair:1   | Noticed a spiny frog
  6654 | Lair:1   | Killed a spiny frog
  6654 | Lair:1   | Reached skill level 10 in Unarmed Combat
  6886 | Lair:1   | Found a runed translucent door.
  6886 | Lair:1   | Noticed Beldrama's ghost (journeyman MiFi)
  6902 | Lair:1   | Killed Beldrama's ghost
  6902 | Lair:1   | Reached XP level 11. HP: 100/110 MP: 10/10
  6963 | Lair:1   | You fall into a shaft and drop 1 floor!
  7017 | Lair:2   | Reached skill level 5 in Armour
  7429 | Lair:2   | Noticed a four-headed hydra
  7436 | Lair:2   | Killed a four-headed hydra
  7441 | Lair:2   | Noticed a seven-headed hydra
  7503 | Lair:2   | Noticed an oklob plant
  7513 | Lair:2   | Noticed an oklob plant
  7774 | Lair:2   | Reached skill level 11 in Unarmed Combat
  7944 | Lair:2   | Reached skill level 1 in Evocations
  8547 | Lair:2   | Reached XP level 12. HP: 44/118 MP: 13/13
  9138 | Lair:3   | Found a gate leading to a gauntlet.
  9150 | Gauntlet | Entered a Gauntlet
  9150 | Gauntlet | Found a transporter.
  9150 | Gauntlet | Found a transporter.
  9150 | Gauntlet | Noticed a death yak
  9150 | Gauntlet | Noticed a death yak
  9151 | Gauntlet | Found a transporter.
  9151 | Gauntlet | Noticed a death yak
  9151 | Gauntlet | Noticed a death yak
  9153 | Gauntlet | Noticed a death yak
  9154 | Gauntlet | Found a transporter.
  9155 | Gauntlet | Found a transporter.
  9163 | Gauntlet | Found a transporter.
  9165 | Gauntlet | Found a transporter.
  9179 | Gauntlet | Noticed a death ooze
  9196 | Gauntlet | Found a transporter.
  9206 | Gauntlet | Found a transporter.
  9220 | Gauntlet | Found a transporter.
  9237 | Gauntlet | Found a transporter.
  9245 | Gauntlet | Found a transporter.
  9416 | Gauntlet | Paralysed by a hornet for 1 turns
  9614 | Gauntlet | Killed a death ooze
  9633 | Gauntlet | Noticed a minotaur
  9647 | Gauntlet | Killed a minotaur
  9820 | Gauntlet | Reached skill level 10 in Armour
  9878 | Gauntlet | Identified the Compendium of Dislocated Ice
  9878 | Gauntlet | Identified the Collected Works on Supportive Transmigration
 10124 | Lair:3   | Found a staircase to the Swamp.
 10592 | Lair:4   | Found a hole to the Spider Nest.
 10613 | Lair:4   | Identified the Handbook of the Assistive Voyage
 10939 | Lair:4   | Reached skill level 5 in Evocations
 10964 | Lair:4   | Noticed Nessos
 10975 | Lair:4   | Killed Nessos
 11425 | Lair:5   | Noticed an eight-headed hydra
 11427 | Lair:5   | Noticed a death yak
 11428 | Lair:5   | Noticed a death yak
 11430 | Lair:5   | Noticed a death yak
 11469 | Lair:5   | Noticed a seven-headed hydra
 11476 | Lair:5   | Identified the +9 hunting sling of a bazaar {vorpal, Int+4}
                  | (You found it on level 7 of the Dungeon)
 11477 | Lair:5   | Killed a seven-headed hydra
 11498 | Lair:5   | Reached XP level 13. HP: 130/130 MP: 16/16
 11932 | Lair:6   | Entered Level 6 of the Lair of Beasts
 12116 | Swamp:1  | Entered Level 1 of the Swamp
 12183 | Spider:1 | Entered Level 1 of the Spider Nest
 12692 | D:9      | Killed a fire dragon
 13051 | D:10     | Entered Level 10 of the Dungeon
 13123 | D:10     | Reached skill level 10 in Fighting
 14430 | D:11     | Noticed Sonja
 14614 | D:11     | Found a staircase to the Orcish Mines.
 14971 | D:11     | Killed Sonja
 15271 | D:11     | Noticed Josephine
 15280 | D:11     | Killed Josephine
 15545 | Orc:1    | Entered Level 1 of the Orcish Mines
 15966 | Orc:2    | Entered Level 2 of the Orcish Mines
 16258 | Orc:2    | Noticed Azrael
 16612 | Orc:2    | Noticed Snorg
 16620 | Orc:2    | Killed Snorg
 16620 | Orc:2    | Reached skill level 10 in Dodging
 16819 | Orc:2    | Found a staircase to the Elven Halls.
 17113 | Orc:2    | Reached XP level 14. HP: 126/142 MP: 18/18
 17416 | Orc:2    | Received a gift from Trog
 17766 | Orc:2    | Killed Azrael
 18003 | Orc:1    | Noticed Gastronok
 18037 | Orc:2    | Found a roughly hewn altar of Beogh.
 18062 | Orc:2    | Found Ziqoism's Book Boutique.
 18373 | Orc:2    | Found Veotul's Food Shop.
 18777 | Orc:2    | Noticed an orc warlord
 18787 | Orc:2    | Killed an orc warlord
 19127 | Orc:2    | Noticed an orc warlord
 19152 | Orc:2    | Killed an orc warlord
 19377 | Orc:2    | Reached ****** piety under Trog
 19377 | Orc:2    | Received a gift from Trog
 19745 | Orc:2    | Found a roughly hewn altar of Beogh.
 19790 | Orc:2    | Found Weink's Gadget Shoppe.
 19799 | Orc:2    | Bought a wand of enslavement (8) for 140 gold pieces
 19799 | Orc:2    | Bought a tin of tremorstones (3/3) for 560 gold pieces
 19799 | Orc:2    | Bought a phantom mirror for 420 gold pieces
 19799 | Orc:2    | Bought a lightning rod (4/4) for 560 gold pieces
 19828 | Orc:2    | Found Vurusiukk's Weapon Emporium.
 19975 | Orc:1    | Killed Gastronok
 20191 | Orc:2    | Bought a wand of flame (10) for 84 gold pieces
 20260 | Elf:1    | Entered Level 1 of the Elven Halls
 20482 | Elf:1    | Noticed Louise
 20833 | Lair:1   | Upgraded the game from 0.25.0-11-g1f837a76a1 to
                  | 0.25.0-15-gac7dcb8919
 20998 | Lair:4   | Reached skill level 12 in Unarmed Combat
 21116 | Lair:5   | HP: 4/142 [death yak (13)]
 21117 | Lair:5   | Demolished by a death yak

Illustrated notes

Levels and vault maps discovered:
D:1:      dpeg_arrival_castle, layout_basic, minmay_misc_feat_square
D:2:      layout_loops_cross, chequers_temple_overflow_minitemple, first_ration
D:3:      gammafunk_wand_slinger, layout_basic, uniq_robin
D:4:      layout_cave_pools, minmay_misc_feat_iff, nicolae_underground_beach
D:5:      layout_rooms, minmay_temple_entry_enclosed_plants, serial_glass,
          glass_columns_c, glass_columns_c
D:6:      layout_loops_ring
D:7:      layout_rooms, the_bakery
D:8:      lemuel_slime, layout_gridville, kennysheep_mini
D:9:      dragon1_lemuel, layout_rooms, minmay_lair_entry_grove,
          corexii_corridor_pit
D:10:     layout_grid_maze, minmay_fractal_squares_5
D:11:     layout_basic, orc_0_dummy, uniq_josephine, uniq_sonja
Temple:   eino_temple_scatter_basement
Lair:1:   layout_loops_ring, gammafunk_ghost_grave
Lair:2:   regret_index_wax_grids, layout_regular_city,
          grunt_forest_stairs_clearing, infiniplex_staircase_pool,
          minmay_lair_oklob_chamber
Lair:3:   layout_long_grid, minmay_swamp_entry_worms, gauntlet_entry_generic,
          infiniplex_staircase_pool_2, grunt_megastairs_5
Lair:4:   layout_cave_pods, nicolae_spider_entry_non_spiders, uniq_nessos
Lair:5:   beast_lair_carwin_large_4, layout_regular_city, slime_altar_2
Lair:6:   wormcave, layout_regular_city
Swamp:1:  layout_basic_swamp, evilmike_swamp_ruin_house_3, swamp_pool2,
          uniq_roxanne
Spider:1: layout_spider_delve
Orc:1:    layout_caves, uniq_gastronok
Orc:2:    pubby_orc_utopia, uniq_azrael, uniq_snorg
Elf:1:    kennysheep_blocky_room, layout_geoelf_diagonals, minmay_elf_sorcery,
          uniq_louise

Skill      XL: |  1  2  3  4  5  6  7  8  9 10 11 12 13 14 |
---------------+-------------------------------------------+-----
Fighting       | 3 4 5 6 8 9 10 | 10.0
Unarmed Combat | 4 5 6 7 8 10 11 12 | 12.2
Dodging        | 3 6 8 10 | 10.2
Armour         | 4 8 10 | 10.1
Evocations     | 2 5 7 9 |  9.7

Action                   |  1- 3 |  4- 6 |  7- 9 | 10-12 | 13-15 || total
-------------------------+-------+-------+-------+-------+-------++-------
Melee: Unarmed           |    85 |   141 |   343 |   603 |   728 ||  1900
       Punch             |     1 |       |    13 |    29 |    34 ||    77
       Dire flail        |       |       |       |       |    13 ||    13
Throw: Dart              |       |       |       |     1 |    26 ||    27
       Javelin           |       |       |       |       |     2 ||     2
Invok: Berserk           |     4 |     4 |     8 |    15 |    31 ||    62
       Trog's Hand       |     1 |     4 |     7 |    14 |    10 ||    36
       Brothers in Arms  |       |       |       |     7 |       ||     7
Evoke: Wand              |       |       |       |     7 |    35 ||    42
       Phial of floods   |       |       |       |     2 |     3 ||     5
       Box of beasts     |       |       |       |       |     4 ||     4
       Lightning rod     |       |       |       |       |     6 ||     6
       Tin of tremorston |       |       |       |       |     4 ||     4
 Stab: Sleeping          |       |       |     1 |       |     1 ||     2
       Paralysed         |       |       |       |     2 |    12 ||    14
       Distracted        |       |       |       |       |     1 ||     1
  Eat: Chunk             |    19 |    22 |    38 |    67 |   111 ||   257
       Ration            |       |       |       |     1 |     3 ||     4
Armor: Animal skin       |    30 |    48 |    64 |     8 |       ||   150
       Storm dragon scal |       |       |       |   368 |   239 ||   607
       Robe              |       |       |       |       |    63 ||    63
       Fire dragon scale |       |       |       |       |    60 ||    60
Dodge: Dodged            |    51 |    58 |   161 |   339 |   461 ||  1070
